 Dungeon Crawl Stone Soup version 0.16.1-51-g6203257 (webtiles) character file.

105 MiaIshata the Skirmisher (level 4, 0/41 HPs)
             Began as a Draconian Berserker on Aug 5, 2015.
             Was a Priest of Trog.
             Slain by Crazy Yiuf
             ... wielding a +2 quarterstaff of chaos
              (5 damage)
             ... on level 2 of the Dungeon.
             The game lasted 00:13:09 (1948 turns).

MiaIshata the Skirmisher (Draconian Berserker)      Turns: 1948, Time: 00:13:09

Health: 0/41       AC:  5    Str: 19    XL:     4   Next: 54%
Magic:  4/4        EV:  8    Int:  8    God:    Trog [***...]
Gold:   131        SH: 11    Dex: 11    Spells: 0 memorised, 3 levels left

rFire  . . .     SeeInvis .     a - +1 hand axe
rCold  . . .     Clarity  .     (armour unavailable)
rNeg   . . .     SustAb   .     m - +0 large shield
rPois  .         Gourm    .     (helmet restricted)
rElec  .         Spirit   .     (no cloak)
rCorr  .         Warding  .     (no gloves)
rMut   .         Stasis   .     (no boots)
MR     ++...                    (no amulet)
Stlth  +.........               (no ring)
                                (no ring)

@: regenerating, very resistant to hostile enchantments, very unstealthy
A: unfitting armour, cold-blooded, AC +5
a: Burn Spellbooks, Berserk, Trog's Hand, Renounce Religion


You were on level 2 of the Dungeon.
You worshipped Trog.
Trog was most pleased with you.
You were not hungry.

You visited 1 branch of the dungeon, and saw 2 of its levels.

You collected 131 gold pieces.

Inventory:

Hand weapons
 a - a +1 hand axe (weapon)
Armour
 m - a +0 large shield (worn)
Scrolls
 d - a scroll of enchant weapon
 e - 2 scrolls of identify
 f - 3 scrolls of fear
 i - a scroll of blinking
Potions
 g - a potion of restore abilities
Comestibles
 b - 3 meat rations
 c - 2 bread rations


   Skills:
 * Level 4.8 Fighting
 + Level 3.6 Axes
 + Level 3.3 Dodging


You had 3 spell levels left.
You didn't know any spells.

Dungeon Overview and Level Annotations

Branches:
Dungeon (2/15)

Altars:
Dithmenos

Annotations:
D:2 Crazy Yiuf


Innate Abilities, Weirdness & Mutations

Your plain brown scales are hard (AC +5).
Your body does not fit into most forms of armour.
Your cold-blooded metabolism reacts poorly to cold.


Message History

You are too injured to fight recklessly!
You are too injured to fight recklessly!
You are too injured to fight recklessly!
You are too injured to fight recklessly!
You are too injured to fight recklessly!
You closely miss Crazy Yiuf.
Crazy Yiuf is severely wounded.
Crazy Yiuf laughs, "Goober!
Orb canine foot."
You block Crazy Yiuf's attack.
Crazy Yiuf hits you with a quarterstaff of chaos.
* * * LOW HITPOINT WARNING * * *
You completely miss Crazy Yiuf.
Your tail-slap misses Crazy Yiuf.
Crazy Yiuf is severely wounded.
You block Crazy Yiuf's attack.
You closely miss Crazy Yiuf.
Crazy Yiuf is severely wounded.
Crazy Yiuf hits you with a quarterstaff of chaos!
* * * LOW HITPOINT WARNING * * *
Crazy Yiuf freezes you.
You die...

#.#############
#.............#
###############.#
#.)..# ### #>####
#.# ########
#####.# ###
###.#....##
...<#.#
#...##..#.PP...##
.##.#.#
#...g@####P#....#
.##...# #)..###
##P....# .######
### #####.# )#
#..# .# #.## .#
### ### ##.# .#
#.# #.###..# .#
#.# #.....## .#
#.# #.#####


You could see Crazy Yiuf.

Vanquished Creatures
  Jessica (D:2)
  Robin (D:2)
  A gnoll (D:1)
  2 adders (D:2)
  A worm (D:2)
  2 giant geckos
  6 hobgoblins
  5 kobolds
  A bat (D:2)
  A giant cockroach (D:1)
  4 giant newts (D:2)
  12 goblins
  11 rats
  A fungus (D:2)
49 creatures vanquished.

Notes
Turn   | Place    | Note
--------------------------------------------------------------
     0 | D:1      | MiaIshata, the Draconian Berserker, began the quest for the Orb.
     0 | D:1      | Reached XP level 1. HP: 19/19 MP: 1/1
   353 | D:1      | Reached XP level 2. HP: 23/26 MP: 2/2
   573 | D:1      | Reached skill level 4 in Fighting
  1048 | D:2      | Acquired Trog's second power
  1051 | D:2      | Reached XP level 3. HP: 29/33 MP: 3/3
  1065 | D:2      | Noticed Jessica
  1066 | D:2      | Found a shadowy altar of Dithmenos.
  1079 | D:2      | Killed Jessica
  1214 | D:2      | Reached XP level 4. HP: 37/41 MP: 4/4
  1407 | D:2      | Noticed Robin
  1425 | D:2      | Killed Robin
  1929 | D:2      | Noticed Crazy Yiuf
  1948 | D:2      | Slain by Crazy Yiuf

Action                   |  1- 3 |  4- 6 || total
-------------------------+-------+-------++-------
Melee: Hand axe          |    68 |    74 ||   142
Invok: Berserk           |     1 |     1 ||     2
       Trog's Hand       |       |     1 ||     1
  Use: Scroll            |     7 |       ||     7
       Potion            |     4 |     4 ||     8
 Stab: Sleeping          |     1 |       ||     1
  Eat: Royal jelly       |     1 |       ||     1
       Bread ration      |       |     1 ||     1
       Chunk             |       |     1 ||     1
